Map: Orbital Shipyard

Players

내가바로군밤이다

  • Race: Zerg Zerg
  • League: Platinum

llllllllllll - Winner!

  • Race: Protoss Protoss
  • League: Platinum

VOD

Have the link to the VOD?

Description

Time

  • Played on: Sept. 2, 2015, 12:39 a.m.
  • Length: 14:39
Show
View Real Time Build Order
Export as new Build Order

내가바로군밤이다 Zerg 

Build Orders: Hatch First, Lurkers 

Get SALT Encoding   

  12  0:00  Drone  
  13  0:13  Overlord  
  13  0:17  Drone  
  14  0:31  Drone x2  
  16  0:36  Drone  
  17  0:53  Hatchery  
  16  1:03  Drone x2  
  18  1:13  Extractor  
  18  1:15  Spawning Pool  
  16  1:19  Drone  
  16  1:21  Drone  
  18  1:31  Overlord  
  18  1:40  Drone  
  19  1:51  Drone  
  20  2:03  Queen, Zergling x2  
  20  2:05  Drone, Queen  
  26  2:14  Drone  
  27  2:17  Drone  
  27  2:22  Drone  
  29  2:27  Baneling Nest, Drone  
  29  2:33  Zergling x2  
  30  2:41  Zergling x2  
  30  2:44  Zergling x2  
  32  2:48  Lair  
  32  2:49  Roach Warren  
  32  2:50  Drone  
  32  2:57  Zergling x2  
  33  2:59  Drone  
  34  3:06  Drone  
  34  3:12  Overlord  
  35  3:17  Spine Crawler  
  35  3:19  Spine Crawler  
  33  3:20  Drone x2  
  33  3:21  Drone  
  36  3:31  Overlord  
  36  4:04  Baneling  
  36  4:05  Baneling x3  
  36  4:11  Roach x3  
  36  4:12  Drone x4  
  36  4:15  Drone x2, Extractor  
  47  4:19  Spore Crawler  
  47  4:20  Spore Crawler, Queen  
  47  4:21  Drone x3  
  47  4:23  Drone  
  51  4:25  Extractor  
  50  4:34  Overlord  
  49  4:47  Drone x3  
  49  4:49  Overlord, Hydralisk Den  
  51  4:54  Overlord  
  51  4:56  Drone x3  
  54  5:16  Roach x2  
  56  5:29  Overseer  
  56  5:33  Hydralisk, Roach x2  
  56  5:34  Overlord, Hydralisk  
  56  5:35  Overlord  
  64  5:37  Drone  
  64  5:39  Overlord, Lurker Den  
  65  5:45  Spine Crawler  
  65  5:47  Spine Crawler  
  65  5:48  Drone  
  65  5:49  Spine Crawler  
  63  5:53  Spine Crawler  
  62  6:09  Drone x2  
  62  6:10  Drone  
  65  6:12  Extractor  
  65  6:14  Pneumatized Carapace  
  64  6:21  Hydralisk  
  64  6:22  Hydralisk  
  64  6:24  Drone x2  
  64  6:25  Drone x3  
  73  6:38  Hydralisk x2  
  77  6:41  Drone  
  78  6:53  Glial Reconstitution  
  78  6:57  Roach x3  
  78  6:59  Roach  
  86  7:10  Roach  
  86  7:11  Roach  
  86  7:15  Roach  
  92  7:18  Overlord  
  92  7:20  Overlord  
  92  7:23  Extractor  
  92  7:24  Hatchery  
  92  7:29  Extractor  
  86  7:42  Lurker x2  
  88  7:44  Roach x3  
  88  7:47  Roach  
  96  8:00  Roach x2  
  96  8:01  Roach x2  
  104  8:09  Spine Crawler  
  104  8:12  Spine Crawler  
  102  8:15  Overlord  
  102  8:27  Overseer x2  
  102  8:30  Roach x3  
  102  8:32  Overlord x5  
  108  8:39  Queen  
  108  8:40  Drone  
  108  8:41  Evolution Chamber x2  
  110  8:44  Lurker  
  110  8:47  Lurker  
  111  9:32  Roach x7  
  125  9:39  Drone  
  125  9:40  Drone x2  
  128  9:46  Drone  
  128  9:47  Drone  
  130  9:54  Spore Crawler, Spine Crawler  
  130  9:57  Zerg Ground Armor Level 1  
  126  10:33  Hydralisk x4  
  134  10:36  Overlord x2  
  134  10:37  Drone x3  
  137  10:45  Overlord  
  137  10:46  Drone x2  
  137  10:47  Drone, Roach  
  137  10:48  Drone x3, Roach x2  
  143  10:59  Lurker x2  
  143  11:01  Lurker x2  
  143  11:02  Lurker x2  
  149  11:05  Roach  
  149  11:06  Roach x2  
  149  11:11  Roach x3  
  165  11:18  Roach x2  
  110  11:51  Zerg Missile Weapons Level 1  
  104  11:54  Hydralisk, Roach x4  
  104  11:55  Hydralisk x5  
  104  11:57  Roach x4  
  116  12:13  Roach  
  116  12:14  Roach  
  110  12:38  Roach x3  
  110  12:39  Roach x3  
  110  12:41  Roach x3, Queen  
  127  12:45  Roach x3, Extractor  
  127  12:47  Roach x3  
  138  13:18  Roach x3  
  144  13:24  Drone x4  
  148  13:32  Lurker x2  
Show
View Real Time Build Order
Export as new Build Order

llllllllllll Protoss - Winner!

Build Orders: Nexus First 

Get SALT Encoding   

  12  0:02  Probe  
  13  0:14  Probe  
  14  0:19  Pylon  
  14  0:26  Probe  
  15  0:38  Probe  
  16  0:50  Probe  
  17  0:58  Nexus  
  17  1:02  Probe  
  18  1:14  Probe  
  19  1:20  Gateway  
  19  1:25  Assimilator  
  19  1:26  Probe  
  19  1:31  Assimilator  
  20  1:39  Probe  
  21  1:43  Pylon  
  21  1:51  Probe  
  22  2:03  Probe  
  23  2:11  Cybernetics Core  
  23  2:20  Probe  
  23  2:21  Probe  
  25  2:26  Zealot  
  27  2:32  Probe  
  27  2:33  Probe  
  29  2:43  Warp Gate  
  29  2:50  Mothership Core  
  30  2:57  Robotics Facility  
  30  2:59  Probe  
  31  3:06  Sentry  
  31  3:11  Probe x2  
  35  3:21  Pylon  
  35  3:23  Probe x2  
  37  3:29  Gateway, Pylon  
  37  3:30  Gateway  
  37  3:35  Probe x2  
  37  3:36  Sentry  
  41  3:43  Pylon  
  41  3:44  Warp Prism  
  41  3:47  Probe x2  
  45  3:56  Forge  
  45  3:59  Probe  
  45  4:00  Probe  
  47  4:11  Probe  
  47  4:15  Probe  
  49  4:23  Probe  
  50  4:28  Probe  
  51  4:44  Nexus  
  51  4:46  Probe, Pylon  
  51  4:48  Assimilator  
  51  4:49  Pylon  
  51  4:50  Assimilator  
  52  4:54  Probe  
  52  4:57  Twilight Council  
  52  4:59  Immortal  
  57  5:01  Zealot x3  
  61  5:17  Probe x2  
  63  5:22  Sentry x3  
  55  5:31  Photon Cannon  
  55  5:32  Probe x2  
  55  5:33  Photon Cannon  
  57  5:36  Photon Cannon  
  57  5:40  Gateway  
  57  5:44  Probe x2  
  57  5:48  Observer  
  57  5:49  Sentry x2  
  64  5:56  Probe  
  64  5:57  Probe  
  62  6:05  Charge  
  62  6:07  Gateway  
  62  6:08  Probe  
  62  6:09  Probe x2  
  62  6:10  Observer  
  66  6:20  Probe  
  66  6:21  Sentry, Probe  
  70  6:28  Stalker  
  70  6:29  Stalker  
  74  6:38  Colossus  
  74  6:39  Probe x2  
  76  6:40  Probe  
  77  6:48  Immortal  
  77  6:51  Probe x2  
  83  7:04  Probe x3  
  84  7:11  Robotics Bay  
  84  7:13  Photon Cannon, Assimilator  
  84  7:15  Robotics Facility, Assimilator  
  84  7:16  Probe x2  
  84  7:17  Probe, Pylon  
  87  7:28  Probe x2, Zealot x3  
  87  7:29  Probe, Zealot x2  
  98  7:47  Pylon  
  98  7:48  Pylon  
  98  7:49  Pylon  
  98  7:54  Probe x2  
  98  7:57  Probe  
  101  8:02  Pylon  
  101  8:04  Pylon  
  101  8:05  Disruptor  
  101  8:06  Probe x2  
  106  8:13  Zealot x3  
  106  8:14  Zealot  
  114  8:22  Probe  
  114  8:25  Disruptor  
  118  8:29  Gravitic Drive  
  118  8:39  Probe  
  118  8:40  Blink  
  118  8:41  Disruptor  
  119  8:48  Stalker x2  
  124  8:50  Probe  
  124  8:53  Nexus  
  124  8:54  Mothership Core, Pylon  
  129  8:57  Pylon  
  129  9:00  Protoss Ground Weapons Level 1  
  129  9:01  Disruptor  
  132  9:16  Disruptor  
  132  9:21  Probe  
  136  9:25  Zealot x4  
  144  9:32  Gateway  
  144  9:33  Templar Archives, Gateway  
  144  9:34  Photon Cannon  
  144  9:35  Gateway  
  144  9:37  Pylon  
  144  9:38  Gateway, Pylon  
  144  9:39  Gateway  
  144  9:41  Gateway, Dark Shrine  
  144  9:51  Probe x2  
  146  10:03  Zealot  
  146  10:04  Zealot x3  
  152  10:13  Disruptor x2  
  158  10:19  Gateway  
  158  10:22  Photon Cannon x2  
  158  10:23  Photon Cannon x2  
  158  10:26  Pylon, Photon Cannon  
  158  10:27  High Templar x4  
  158  10:28  Photon Cannon  
  166  10:34  Archon x2  
  166  10:47  Assimilator  
  166  10:48  Warp Prism  
  166  10:49  Warp Prism  
  170  10:51  Pylon  
  170  10:53  Assimilator  
  170  10:58  Stargate  
  170  10:59  Protoss Ground Weapons Level 2  
  170  11:01  Protoss Air Weapons Level 1  
  170  11:02  Stargate  
  170  11:13  Photon Cannon  
  170  11:14  Photon Cannon  
  170  11:15  Stalker x4  
  116  11:46  Observer  
  112  11:51  Zealot x10  
  129  12:00  Void Ray x2  
  129  12:07  Observer  
  114  12:28  Stalker x3  
  120  12:39  Disruptor  
  120  12:40  Disruptor  
  126  12:49  Void Ray  
  130  12:52  Zealot x8  
  130  12:53  Zealot  
  148  13:02  Probe  
  148  13:03  Probe x2  
  151  13:06  Nexus  
  151  13:08  Pylon  
  151  13:14  Probe  
  151  13:15  Probe x2  
  151  13:16  Observer x2  
  156  13:26  Probe  
  158  13:27  Probe x2, Photon Cannon  
  158  13:30  Photon Cannon  
  140  13:55  Zealot  
  140  13:56  Zealot x8  
  140  14:01  Disruptor  
  140  14:02  Disruptor  
Tags
 
Add a new tag
Caveats
  • Supply blocks, unpowered buildings, or Contaminate may cause inaccurate times.
  • Supply counts are checked every 10 seconds.